[ AOE2 MATCH · #508021914 ]
UnrankedShu vs Spanish
Player's team · WIN
Rival team · LOSS
[ REPLAY ANALYSIS · EXTRACTED FROM THE RECORDED GAME ]
Feudal
9:21
Castle
23:40
Imperial
29:29
| APM avg | 43.3 |
| APM peak | 91 |
| eAPM avg | 20.0 |
| Villagers / military | 72 / 26 |
Focus
⚔️ 27.5% · 🌾 72.5%
Archer ×24 · Unknown (1942) ×13 · Monk ×2 · Unknown (1962) ×1
Feudal
10:56
Castle
14:52
Imperial
—
| APM avg | 52.2 |
| APM peak | 100 |
| eAPM avg | 27.9 |
| Villagers / military | 105 / 20 |
Focus
⚔️ 34.0% · 🌾 66.0%
Conquistador ×15 · Monk ×2 · Mangonel ×2 · Missionary ×1
Match map
Initial resources + every placement click. Lines = walls · curves = elevation contours. ◆ gold · ⬟ stone · ● berries · ✦ relic · ◌ wall gap
Your base· ✓ Closed at 23:40 · 3t walls · 2 gate(s)
Papillon's base· ✓ Closed at 14:52 · 19t walls · 2 gate(s)
Smoothed initial terrain · ◌ = detected wall gap · hover for details
Inputs per minute
— Riut - - Papillon
Build order — Riut
First 150 of 193 actions detected
| 0:00 | Queue | Villager (Male) |
| 0:00 | Queue | Villager (Male) |
| 0:01 | Queue | Villager (Male) |
| 0:01 | Queue | Villager (Male) |
| 0:02 | Build | House |
| 0:03 | Build | House |
| 1:26 | Queue | Villager (Male) |
| 1:26 | Queue | Villager (Male) |
| 1:26 | Queue | Villager (Male) |
| 1:51 | Build | Lumber Camp |
| 1:53 | Queue | Villager (Male) |
| 1:53 | Queue | Villager (Male) |
| 1:53 | Queue | Villager (Male) |
| 2:12 | Build | House |
| 2:26 | Queue | Villager (Male) |
| 2:26 | Queue | Villager (Male) |
| 2:27 | Queue | Villager (Male) |
| 2:41 | Queue | Villager (Male) |
| 2:41 | Queue | Villager (Male) |
| 2:41 | Queue | Villager (Male) |
| 3:10 | Queue | Villager (Male) |
| 3:10 | Queue | Villager (Male) |
| 3:10 | Queue | Villager (Male) |
| 3:10 | Queue | Villager (Male) |
| 3:42 | Queue | Villager (Male) |
| 3:42 | Queue | Villager (Male) |
| 3:42 | Queue | Villager (Male) |
| 3:42 | Queue | Villager (Male) |
| 3:43 | Queue | Villager (Male) |
| 4:10 | Queue | Villager (Male) |
| 4:10 | Queue | Villager (Male) |
| 4:10 | Queue | Villager (Male) |
| 4:10 | Queue | Villager (Male) |
| 4:48 | Queue | Villager (Male) |
| 4:48 | Queue | Villager (Male) |
| 5:37 | Queue | Villager (Male) |
| 5:37 | Research | Loom |
| 5:54 | Build | Barracks |
| 6:02 | Build | House |
| 7:02 | Build | Mining Camp |
| 7:11 | Research | Feudal Age |
| 9:17 | Queue | Villager (Male) |
| 9:21 | Age | Feudal Age |
| 9:23 | Build | Watch Tower |
| 9:24 | Build | Archery Range |
| 9:42 | Queue | Villager (Male) |
| 10:00 | Build | Mining Camp |
| 10:01 | Queue | Villager (Male) |
| 10:03 | Build | House |
| 10:28 | Queue | Archer |
| 10:29 | Queue | Archer |
| 10:31 | Queue | Villager (Male) |
| 10:45 | Queue | Villager (Male) |
| 11:06 | Queue | Villager (Male) |
| 11:08 | Build | Blacksmith |
| 11:32 | Queue | Archer |
| 11:34 | Queue | Villager (Male) |
| 11:37 | Build | House |
| 11:39 | Build | House |
| 11:52 | Research | Fletching |
| 12:02 | Queue | Villager (Male) |
| 12:11 | Queue | Archer |
| 12:13 | Queue | Villager (Male) |
| 12:37 | Build | Watch Tower |
| 12:43 | Queue | Archer |
| 12:43 | Queue | Villager (Male) |
| 13:01 | Build | Mill |
| 13:05 | Queue | Villager (Male) |
| 13:26 | Queue | Archer |
| 13:41 | Build | Mill |
| 13:56 | Queue | Archer |
| 14:07 | Build | Watch Tower |
| 14:20 | Build | House |
| 14:21 | Build | House |
| 14:23 | Queue | Archer |
| 14:24 | Queue | Villager (Male) |
| 14:52 | Queue | Villager (Male) |
| 14:52 | Queue | Villager (Male) |
| 14:53 | Queue | Villager (Male) |
| 15:03 | Build | House |
| 15:12 | Queue | Villager (Male) |
| 15:12 | Queue | Archer |
| 15:30 | Queue | Villager (Male) |
| 15:57 | Build | House |
| 15:58 | Queue | Villager (Male) |
| 15:59 | Queue | Archer |
| 16:23 | Queue | Villager (Male) |
| 16:27 | Build | Farm |
| 16:28 | Build | Farm |
| 16:29 | Research | Double-Bit Axe |
| 16:45 | Build | Watch Tower |
| 16:59 | Queue | Villager (Male) |
| 17:00 | Queue | Archer |
| 17:10 | Queue | Villager (Male) |
| 17:17 | Build | Farm |
| 17:17 | Build | Farm |
| 17:17 | Build | Farm |
| 17:18 | Build | Farm |
| 17:18 | Build | Farm |
| 17:45 | Queue | Villager (Male) |
| 17:48 | Build | Farm |
| 17:48 | Build | Farm |
| 17:49 | Build | Farm |
| 17:50 | Build | Farm |
| 18:11 | Build | Mining Camp |
| 18:22 | Queue | Archer |
| 18:22 | Queue | Villager (Male) |
| 18:39 | Queue | Villager (Male) |
| 18:46 | Queue | Archer |
| 18:54 | Build | Watch Tower |
| 19:06 | Queue | Villager (Male) |
| 19:08 | Build | Farm |
| 19:09 | Build | Farm |
| 19:12 | Build | Farm |
| 19:33 | Queue | Villager (Male) |
| 19:54 | Build | Market |
| 19:54 | Queue | Villager (Male) |
| 19:57 | Build | Palisade Wall |
| 19:58 | Build | Palisade Wall |
| 20:03 | Build | Palisade Wall |
| 20:21 | Build | Outpost |
| 20:24 | Research | Town Watch |
| 20:40 | Queue | Archer |
| 21:00 | Research | Castle Age |
| 21:10 | Queue | Archer |
| 21:24 | Build | House |
| 21:30 | Build | Watch Tower |
| 22:04 | Build | Lumber Camp |
| 22:26 | Research | Gold Mining |
| 22:31 | Queue | Archer |
| 22:31 | Queue | Archer |
| 22:56 | Build | Outpost |
| 22:58 | Build | Outpost |
| 23:39 | Queue | Villager (Male) |
| 23:40 | Age | Castle Age |
| 23:42 | Research | Bodkin Arrow |
| 23:49 | Build | Monastery |
| 23:51 | Research | Crossbowman (upgrade) |
| 23:59 | Build | University |
| 24:00 | Queue | Villager (Male) |
| 24:27 | Queue | Villager (Male) |
| 24:30 | Queue | Archer |
| 24:39 | Build | House |
| 24:39 | Queue | Monk |
| 25:07 | Queue | Villager (Male) |
| 25:09 | Research | Guard Tower (upgrade) |
| 26:19 | Research | Imperial Age |
| 26:19 | Research | Imperial Age |
| 26:19 | Research | Imperial Age |
| 26:51 | Research | Horse Collar |
Build order — Papillon
First 150 of 229 actions detected
| 0:00 | Queue | Villager (Male) |
| 0:01 | Queue | Villager (Male) |
| 0:02 | Build | House |
| 0:03 | Build | House |
| 0:08 | Queue | Villager (Male) |
| 0:14 | Queue | Villager (Male) |
| 0:14 | Queue | Villager (Male) |
| 1:24 | Queue | Villager (Male) |
| 1:48 | Queue | Villager (Male) |
| 1:54 | Build | Lumber Camp |
| 2:20 | Queue | Villager (Male) |
| 2:21 | Queue | Villager (Male) |
| 2:47 | Queue | Villager (Male) |
| 3:05 | Queue | Villager (Male) |
| 3:06 | Queue | Villager (Male) |
| 3:06 | Queue | Villager (Male) |
| 3:15 | Build | House |
| 3:46 | Queue | Villager (Male) |
| 3:47 | Queue | Villager (Male) |
| 3:47 | Queue | Villager (Male) |
| 3:49 | Queue | Villager (Male) |
| 3:49 | Queue | Villager (Male) |
| 4:25 | Build | Mill |
| 4:35 | Queue | Villager (Male) |
| 4:35 | Queue | Villager (Male) |
| 5:30 | Queue | Villager (Male) |
| 5:42 | Build | House |
| 6:09 | Queue | Villager (Male) |
| 6:15 | Queue | Villager (Male) |
| 6:44 | Queue | Villager (Male) |
| 6:44 | Queue | Villager (Male) |
| 7:26 | Queue | Villager (Male) |
| 7:39 | Queue | Villager (Male) |
| 8:09 | Build | House |
| 8:20 | Build | Mining Camp |
| 8:24 | Research | Feudal Age |
| 8:24 | Research | Feudal Age |
| 9:26 | Research | Loom |
| 9:33 | Build | House |
| 9:39 | Build | Palisade Wall |
| 9:43 | Build | Palisade Wall |
| 10:56 | Age | Feudal Age |
| 11:02 | Queue | Villager (Male) |
| 11:18 | Build | Market |
| 11:22 | Build | Blacksmith |
| 11:25 | Build | House |
| 11:31 | Queue | Villager (Male) |
| 11:50 | Build | House |
| 12:00 | Research | Castle Age |
| 12:01 | Research | Castle Age |
| 12:06 | Build | House |
| 12:14 | Build | Palisade Wall |
| 12:19 | Build | Palisade Wall |
| 12:22 | Build | Palisade Wall |
| 12:25 | Build | Mining Camp |
| 12:52 | Build | Palisade Wall |
| 12:53 | Build | Palisade Wall |
| 13:02 | Build | Farm |
| 13:05 | Build | Farm |
| 13:09 | Build | Farm |
| 13:16 | Research | Double-Bit Axe |
| 13:19 | Build | Farm |
| 14:01 | Build | Farm |
| 14:13 | Build | Watch Tower |
| 14:20 | Queue | Villager (Male) |
| 14:52 | Age | Castle Age |
| 14:53 | Research | Fletching |
| 14:53 | Research | Fletching |
| 15:09 | Queue | Villager (Male) |
| 15:10 | Queue | Villager (Male) |
| 15:19 | Build | House |
| 15:31 | Build | House |
| 15:35 | Build | Farm |
| 15:47 | Queue | Villager (Male) |
| 16:08 | Queue | Villager (Male) |
| 16:36 | Build | Castle |
| 16:56 | Queue | Villager (Male) |
| 17:08 | Queue | Villager (Male) |
| 17:08 | Queue | Villager (Male) |
| 17:23 | Queue | Villager (Male) |
| 17:23 | Queue | Villager (Male) |
| 17:23 | Queue | Villager (Male) |
| 17:46 | Build | Castle |
| 18:06 | Queue | Villager (Male) |
| 18:11 | Build | Farm |
| 18:14 | Build | Farm |
| 18:15 | Build | Farm |
| 18:17 | Queue | Villager (Male) |
| 18:40 | Queue | Villager (Male) |
| 19:00 | Build | Farm |
| 19:02 | Build | Farm |
| 19:06 | Build | Farm |
| 19:10 | Build | Farm |
| 19:12 | Queue | Conquistador |
| 19:13 | Queue | Conquistador |
| 19:16 | Queue | Villager (Male) |
| 19:16 | Queue | Villager (Male) |
| 19:31 | Build | Mill |
| 19:33 | Build | Farm |
| 19:36 | Build | Farm |
| 19:40 | Build | Farm |
| 19:41 | Queue | Villager (Male) |
| 19:41 | Queue | Villager (Male) |
| 19:48 | Queue | Conquistador |
| 19:58 | Build | Farm |
| 20:03 | Queue | Villager (Male) |
| 20:17 | Queue | Villager (Male) |
| 20:18 | Queue | Villager (Male) |
| 20:39 | Queue | Villager (Male) |
| 20:50 | Build | Siege Workshop |
| 20:53 | Build | House |
| 20:59 | Queue | Conquistador |
| 20:59 | Queue | Conquistador |
| 21:17 | Queue | Conquistador |
| 21:23 | Build | Monastery |
| 21:25 | Queue | Villager (Male) |
| 21:34 | Queue | Mangonel |
| 21:44 | Queue | Villager (Male) |
| 21:54 | Queue | Villager (Male) |
| 22:10 | Research | Gold Mining |
| 22:10 | Research | Gold Mining |
| 22:11 | Research | Gold Mining |
| 22:30 | Build | Farm |
| 22:42 | Queue | Mangonel |
| 22:43 | Queue | Villager (Male) |
| 22:44 | Queue | Villager (Male) |
| 23:00 | Queue | Villager (Male) |
| 23:00 | Queue | Villager (Male) |
| 23:40 | Queue | Villager (Male) |
| 23:40 | Queue | Villager (Male) |
| 23:44 | Queue | Villager (Male) |
| 23:51 | Build | Town Center |
| 23:58 | Build | House |
| 23:59 | Queue | Monk |
| 24:05 | Queue | Conquistador |
| 24:05 | Queue | Conquistador |
| 24:28 | Queue | Villager (Male) |
| 24:30 | Queue | Villager (Male) |
| 24:38 | Queue | Villager (Male) |
| 25:09 | Queue | Villager (Male) |
| 25:09 | Queue | Villager (Male) |
| 25:09 | Queue | Villager (Male) |
| 25:11 | Build | Farm |
| 25:11 | Build | Farm |
| 25:12 | Build | Farm |
| 25:26 | Queue | Monk |
| 25:30 | Queue | Conquistador |
| 25:30 | Queue | Conquistador |
| 25:44 | Queue | Villager (Male) |
| 25:44 | Queue | Villager (Male) |
Match timeline
| 5:54 | Riut · first_building Barracks |
| 9:21 | Riut · age_up feudal |
| 9:24 | Riut · first_building Archery Range |
| 9:39 | Papillon · wall_segment Palisade Wall x8 |
| 9:43 | Papillon · wall_segment Palisade Wall x6 |
| 10:56 | Papillon · age_up feudal |
| 12:14 | Papillon · wall_segment Palisade Wall x1 |
| 12:19 | Papillon · wall_segment Palisade Wall x1 |
| 12:22 | Papillon · wall_segment Palisade Wall x1 |
| 12:52 | Papillon · wall_segment Palisade Wall x1 |
| 12:53 | Papillon · wall_segment Palisade Wall x1 |
| 14:52 | Papillon · age_up castle |
| 15:08 | Papillon · first_market_buy 100 food |
| 16:36 | Papillon · first_building Castle |
| 18:04 | Papillon · first_market_sell 100 wood |
| 19:57 | Riut · wall_segment Palisade Wall x1 |
| 19:58 | Riut · wall_segment Palisade Wall x1 |
| 20:03 | Riut · wall_segment Palisade Wall x1 |
| 20:50 | Papillon · first_building Siege Workshop |
| 21:23 | Papillon · first_building Monastery |
| 23:40 | Riut · age_up castle |
| 23:49 | Riut · first_building Monastery |
| 27:33 | Riut · first_building Castle |
| 27:54 | Riut · first_building Siege Workshop |
| 28:13 | Riut · first_market_buy 100 wood |
| 28:36 | Riut · first_market_sell 100 stone |
| 29:29 | Riut · age_up imperial |
| 32:21 | Papillon · resign |
[ AI ANALYSIS · 1 CREDIT ]
What really happened in this match?
Wolo.gg analyzes every decision: build order, eco, micro, common mistakes by bracket. Personalized analysis on WhatsApp or Discord in 30 seconds.
Civ guide
Shu
Perfil
Jugador #1045839